 Dungeon Crawl Stone Soup version 0.21-a0-634-gaf8bc5d (webtiles) character file.

5744 Lanoc the Carver (level 10, -4/55 HPs)
             Began as a Vine Stalker Berserker on Dec 29, 2017.
             Was a High Priest of Trog.
             Killed by the air
             ... invoked by Gastronok
              (19 damage)
             ... on level 9 of the Dungeon.
             The game lasted 00:21:43 (7144 turns).

Lanoc the Carver (Vine Stalker Berserker)           Turns: 7144, Time: 00:21:44

Health: -4/55      AC: 17    Str: 20    XL:     10   Next: 77%
Magic:  0/11       EV: 13    Int:  7    God:    Trog [*****.]
Gold:   289        SH:  0    Dex: 17    Spells: 9/9 levels left

rFire    x . .     SeeInvis .   a - +0 falchion
rCold    + + .     Gourm    .   (no shield)
rNeg     + . .     Faith    .   q - +0 ice dragon scales
rPois    .         Spirit   +   s - +0 helmet
rElec    .         Reflect  .   t - +0 cloak
rCorr    .         Harm     .   G - +2 pair of gloves
MR       ++...                  (no boots)
Stlth    ..........             r - amulet of magic regeneration
HPRegen  0.58/turn              D - ring of positive energy
MPRegen  0.37/turn              E - ring of protection from magic

@: berserk cooldown, slowed, very slow
A: fangs 3, regeneration 1, magic shield, antimagic bite, no potion heal 3, rot
immunity
a: Berserk, Trog's Hand, Brothers in Arms, Burn Spellbooks, Renounce Religion


You were on level 9 of the Dungeon.
You worshipped Trog.
Trog was extremely pleased with you.
You were very hungry.

You visited 2 branches of the dungeon, and saw 10 of its levels.
You also visited: Sewer.

You collected 289 gold pieces.

Inventory:

Hand Weapons
 a - a +0 falchion (weapon)
Missiles
 l - 52 sling bullets
 m - 99 bolts
 n - 174 arrows
 y - 6 javelins (quivered)
Armour
 b - a +1 animal skin
 q - +0 ice dragon scales (worn)
 s - a +0 helmet (worn)
 t - a +0 cloak (worn)
 G - a +2 pair of gloves (worn)
Jewellery
 h - an uncursed amulet of the gourmand
 r - an amulet of magic regeneration (around neck)
 D - a ring of positive energy (left hand)
 E - a ring of protection from magic (right hand)
Wands
 o - a wand of polymorph (16)
 B - a wand of iceblast (16)
 J - a wand of random effects (17)
Scrolls
 d - a scroll of fear {unknown}
 g - a scroll of fog
 i - a scroll of immolation {unknown}
 j - 7 scrolls of remove curse
 v - 2 scrolls of teleportation
 C - 2 scrolls of acquirement {unknown}
 F - a scroll of blinking {unknown}
 H - a scroll of identify
Potions
 e - 3 potions of agility
 f - 6 potions of curing
 k - a potion of cancellation
 p - 5 potions of flight
 w - a potion of magic
 x - 4 potions of might {unknown}
 z - a potion of invisibility {unknown}
 A - 3 potions of brilliance {unknown}
 I - a potion of mutation {unknown}
Comestibles
 c - 22 rations
 u - 4 chunks of flesh


   Skills:
 + Level 7.0 Fighting
 * Level 9.6 Long Blades
 + Level 6.1 Armour
 + Level 6.1 Dodging


You had 9 spell levels left.
You didn't know any spells.

Dungeon Overview and Level Annotations

Branches:
Dungeon (9/15)             Temple (1/1) D:7
   Lair: D:8-11         Orc: D:9-12

Altars:
Ashenzari
Cheibriados
Dithmenos
Elyvilon
Fedhas
Gozag
Hepliaklqana
Kikubaaqudgha
Makhleb
Nemelex Xobeh
Okawaru
Qazlal
Ru
Sif Muna
Trog
Uskayaw
Vehumet
Wu Jian
Xom
Yredelemnul
Zin
The Shining One

Shops:
D:7 }

Annotations:
D:9 Gastronok


Innate Abilities, Weirdness & Mutations

You have razor-sharp teeth.
Your natural rate of healing is unusually fast.
When hurt, damage is shared between your health and your magic reserves.
Your bite disrupts and absorbs the magic of your enemies.
Potions cannot restore your health.
You are immune to rotting.


Message History

You feel yourself slow down.
Gastronok looks at you and mumbles some strange words.
You resist with some effort.
You hit Gastronok. You bite Gastronok!
Gastronok's magic leaks into the air.
You drain his magic.
Gastronok is severely wounded.
Gastronok falters for a moment.
You hit Gastronok but do no damage. You bite Gastronok, but do no damage.
Gastronok is severely wounded.
You slash Gastronok! You bite Gastronok.
Gastronok's magic leaks into the air.
You drain his magic.
Gastronok is severely wounded.
Gastronok bites you!!
You slash Gastronok!
Gastronok is severely wounded.
Gastronok bites you!!
* * * LOW HITPOINT WARNING * * *
Gastronok waves his eye-stalks in wide circles.
The air twists around and strikes you!
You die...

##### .$.#
#.###
#<†.# #
#@#.##.#
#.#....#
#....###
#.....w..#
#######..#
)..# ##.#
.# ##


You could see Gastronok.

Vanquished Creatures
  A two-headed ogre (D:8)
  The ghost of Nattefrost the Chopper, a novice FoFi of Zin (D:6)
  Grinder (D:4)
  A hippogriff (D:8)
  4 yaks
  3 hogs (D:7)
  A human (D:7)
  A steam dragon (D:8)
  Menkaure (D:4)
  A sky beast (D:9)
  A phantom (D:7)
  An ice beast (D:8)
  6 ogres
  2 centaurs
  A big kobold (Sewer)
  2 bullfrogs
  3 scorpions
  A water moccasin skeleton (D:7)
  10 killer bees
  A howler monkey (D:4)
  A crimson imp (D:8)
  A bullfrog zombie (D:8)
  2 orc priests
  2 hounds
  A bullfrog skeleton (D:8)
  A centaur skeleton (D:4)
  9 orc wizards
  Crazy Yiuf (D:6)
  4 iguanas
  3 worker ants
  A killer bee zombie (D:8)
  A hound skeleton (D:6)
  8 gnolls (D:8)
  9 adders
  7 river rats (Sewer)
  2 shadow imps
  2 oozes
  An adder skeleton (D:7)
  2 worms
  A dart slug (D:1)
  A leopard gecko (D:6)
  46 orcs
  9 bats
  6 giant cockroaches
  9 goblins
  9 hobgoblins
  3 jackals (D:5)
  3 quokkas
  8 ball pythons
  2 frilled lizards (D:1)
  19 kobolds
  A leopard gecko skeleton (D:4)
  3 quokka skeletons
  A quokka zombie (D:7)
  28 rats
  A spectral orc (D:2)
251 creatures vanquished.

Vanquished Creatures (others)
  4 fungi
  A plant (D:9)
5 creatures vanquished.

Grand Total: 256 creatures vanquished

Notes
Turn   | Place    | Note
-------+----------+-------------------------------------------
     0 | D:1      | Lanoc the Vine Stalker Berserker began the quest for the Orb.
     0 | D:1      | Reached XP level 1. HP: 11/11 MP: 2/2
    81 | D:1      | Reached XP level 2. HP: 5/16 MP: 3/3
    88 | D:1      | Reached skill level 3 in Long Blades
   238 | D:1      | Reached XP level 3. HP: 11/19 MP: 4/4
   301 | D:1      | Reached ** piety under Trog
   884 | D:2      | Found a basalt altar of Yredelemnul.
  1906 | D:3      | Gained mutation: Your natural rate of healing is unusually fast. [Vine Stalker growth]
  1906 | D:3      | Reached XP level 4. HP: 21/24 MP: 3/5
  2104 | D:3      | Reached XP level 5. HP: 28/28 MP: 6/6
  2708 | D:4      | Noticed Grinder
  2720 | D:4      | Killed Grinder
  2720 | D:4      | Reached skill level 4 in Long Blades
  2720 | D:4      | Reached XP level 6. HP: 31/33 MP: 7/7
  2756 | D:4      | Noticed Menkaure
  2765 | D:4      | Killed Menkaure
  2765 | D:4      | Reached skill level 5 in Long Blades
  2765 | D:4      | Reached XP level 7. HP: 24/37 MP: 5/8
  2919 | D:4      | Reached *** piety under Trog
  3186 | D:5      | Entered Level 5 of the Dungeon
  3512 | D:5      | Gained mutation: You have razor-sharp teeth. [Vine Stalker growth]
  3512 | D:5      | Reached XP level 8. HP: 24/42 MP: 9/9
  3831 | D:6      | Found a glowing drain.
  3839 | D:6      | Reached skill level 6 in Long Blades
  3841 | Sewer    | Entered a sewer
  3922 | Sewer    | Reached **** piety under Trog
  4513 | D:6      | Noticed Nattefrost's ghost (novice FoFi)
  4522 | D:6      | Killed Nattefrost's ghost
  4522 | D:6      | Reached skill level 5 in Fighting
  4547 | D:6      | Reached skill level 7 in Long Blades
  4547 | D:6      | Reached XP level 9. HP: 31/47 MP: 6/10
  4894 | D:6      | Found a runed door.
  5252 | D:6      | Noticed Crazy Yiuf
  5257 | D:6      | Killed Crazy Yiuf
  5520 | D:7      | Reached ***** piety under Trog
  5646 | D:7      | Reached skill level 8 in Long Blades
  5646 | D:7      | Reached skill level 5 in Dodging
  5650 | D:7      | Reached skill level 5 in Armour
  5758 | D:7      | Found a staircase to the Ecumenical Temple.
  5767 | Temple   | Entered the Ecumenical Temple
  6093 | D:7      | Found Gumael's Gadget Emporium.
  6274 | D:7      | Reached XP level 10. HP: 53/53 MP: 11/11
  6491 | D:8      | Noticed a two-headed ogre
  6502 | D:8      | Killed a two-headed ogre
  6510 | D:8      | Reached skill level 9 in Long Blades
  7049 | D:9      | Noticed Gastronok
  7144 | D:9      | Killed from afar by Gastronok

Vault maps used:
D:1:      kennysheep_arrival_seaside
D:2:      yredelemnul_forgotten_temple_becter
D:4:      first_ration, uniq_grinder, uniq_menkaure
D:6:      cheibrodos_sewer_entry_bend, kennysheep_generic_room_11,
          uniq_crazy_yiuf_cottage
D:7:      temple_doors_e, serial_shops, shop, grunt_livestock
D:9:      minmay_lair_entry_grove, uniq_gastronok
Temple:   nicolae_temple_the_god_donut
Sewer:    sewer_minmay_treatment

Skill      XL: |  1  2  3  4  5  6  7  8  9 10 |
---------------+-------------------------------+-----
Long Blades    | 3 4 5 7 8 9 |  9.6
Fighting       | 3 4 5 6 7 |  7.0
Armour         | 2 3 4 5 6 |  6.1
Dodging        | 2 3 4 5 6 |  6.1

Action                   |  1- 3 |  4- 6 |  7- 9 | 10-12 || total
-------------------------+-------+-------+-------+-------++-------
Melee: Falchion          |    93 |    70 |   335 |   144 ||   642
       Bite              |    30 |    26 |   136 |    71 ||   263
Invok: Berserk           |     2 |     3 |     9 |     6 ||    20
       Burn Spellbooks   |       |       |     1 |     1 ||     2
  Use: Scroll            |       |       |    16 |       ||    16
 Stab: Sleeping          |       |     1 |     2 |       ||     3
  Eat: Chunk             |    30 |     5 |    14 |     7 ||    56
Armor: Animal skin       |    17 |    22 |    37 |       ||    76
       Ice dragon scales |       |       |    48 |    69 ||   117
Dodge: Dodged            |    51 |    55 |   218 |    71 ||   395
       Rpst.: Falchion   |    13 |    24 |    73 |    14 ||   124

Table legend:
 A = Spawn XP
 B = Non-spawn XP
 C = Spawn XP percentage of total XP
 D = Spawn monster count
 E = Non-spawn monster count
 F = Spawn count percentage of total count
 G = Total turns spent on level
                    A         B        C        D         E        F      G
               +---------+---------+-------+---------+---------+-------+---------
         Total |       0 |    8207 |   0.0 |       0 |     251 |   0.0 |  7144
               +---------+---------+-------+---------+---------+-------+---------
           D:1 |       0 |      56 |   0.0 |       0 |      31 |   0.0 |   633
           D:2 |       0 |      25 |   0.0 |       0 |       9 |   0.0 |  1266
           D:3 |       0 |     143 |   0.0 |       0 |      30 |   0.0 |   764
           D:4 |       0 |     703 |   0.0 |       0 |      18 |   0.0 |   523
           D:5 |       0 |     319 |   0.0 |       0 |      16 |   0.0 |   500
           D:6 |       0 |    1346 |   0.0 |       0 |      23 |   0.0 |  1028
           D:7 |       0 |    1829 |   0.0 |       0 |      32 |   0.0 |   917
           D:8 |       0 |    2714 |   0.0 |       0 |      39 |   0.0 |   618
           D:9 |       0 |     792 |   0.0 |       0 |       5 |   0.0 |    42
         Sewer |       0 |     280 |   0.0 |       0 |      48 |   0.0 |   608
               +---------+---------+-------+---------+---------+-------+---------
